 Dungeon Crawl Stone Soup version 0.30.1-11-g7821555f0a (webtiles) character file.

Game seed: 6005119032310495631

947 MrIGI the Trooper (level 8, -7/84 HPs)
             Began as an Ogre Berserker on Dec 12, 2023.
             Was a Priest of Trog.
             Mangled by an ogre
             ... wielding a +0 giant club
              (16 damage)
             ... on level 5 of the Dungeon.
             The game lasted 00:13:51 (3888 turns).

MrIGI the Trooper (Ogre Berserker)                  Turns: 3888, Time: 00:13:52

Health: -7/84      AC:  6    Str: 24    XL:     8   Next: 13%
Magic:  8/8        EV: 10    Int:  8    God:    Trog [***...]
Gold:   347        SH:  0    Dex:  8    Spells: 7/7 levels left

rFire   + . .        J - +0 giant club
rCold   . . .        (shield currently unavailable)
rNeg    . . .        b - +0 animal skin
rPois   +            (helmet restricted)
rElec   .            K - +2 cloak {rPois}
rCorr   .            (gloves unavailable)
SInv    .            (boots unavailable)
Will    .....        e - amulet of the acrobat
Stlth   +            t - ring of protection from fire
HPRegen 0.34/turn    (no ring)
MPRegen 0.11/turn

%: acrobat
@: on berserk cooldown, slowed, very slow
A: large, unfitting armour, tough skin 1
a: Renounce Religion, Berserk, Trog's Hand


You were on level 5 of the Dungeon.
You worshipped Trog.
Trog was most pleased with you.
You visited 1 branch of the dungeon, and saw 5 of its levels.

You collected 347 gold pieces.

Inventory:

Hand Weapons
 a - a +0 hand axe
 k - a +1 war axe of electrocution
 n - a +0 short sword of distortion
 p - a +0 mace of protection
 B - a +2 dagger of venom
 C - a +4 falchion of holy wrath
 E - a +4 scythe of flaming
 I - a +1 short sword of distortion
 J - a +0 giant club (weapon)
Missiles
 l - 3 throwing nets (quivered)
Armour
 b - a +0 animal skin (worn)
 i - a +0 scale mail
 G - a +1 helmet
 K - a +2 cloak of poison resistance (worn)
Jewellery
 e - an amulet of the acrobat (around neck)
 o - an amulet of the acrobat
 t - a ring of protection from fire (left hand)
 y - an amulet of magic regeneration
 A - an amulet of reflection
Wands
 r - a wand of flame (23)
 D - a wand of charming (11)
Scrolls
 f - a scroll of acquirement {unknown}
 j - 6 scrolls of identify {unknown}
 u - a scroll of brand weapon {unknown}
 v - a scroll of enchant armour {unknown}
 x - a scroll of vulnerability {unknown}
 F - 2 scrolls of immolation {unknown}
 H - a scroll of magic mapping {unknown}
Potions
 c - 3 potions of curing {unknown}
 d - 3 potions of lignification {unknown}
 g - a potion of brilliance {unknown}
 h - 3 potions of degeneration {unknown}
 m - 3 potions of haste {unknown}
 q - a potion of ambrosia {unknown}
 s - a potion of might {unknown}
 w - a potion of flight {unknown}
 z - a potion of attraction {unknown}


   Skills:
 + Level 6.8 Fighting
 - Level 6.2(6.4) Axes
 + Level 0.9(3.6) Maces & Flails
 - Level 1.9(4.4) Polearms
 * Level 3.4 Throwing
 + Level 4.1 Dodging
 - Level 0.3 Stealth


You had 7 spell levels left.
You didn't know any spells.
Your spell library contained the following spells:

 Spells                   Type           Power      Damage    Failure   Level
 Ozocubu's Armour         Ice            0%         N/A       78%         3
 Anguish                  Hex/Necr       0%         N/A       99%         4
 Cause Fear               Hex            0%         N/A       99%         4
 Metabolic Englaciation   Hex/Ice        0%         N/A       100%        5
 Simulacrum               Ice/Necr       0%         N/A       100%        6
 Enfeeble                 Hex            0%         N/A       100%        7


Dungeon Overview and Level Annotations

Branches:
Dungeon (5/15)
 Temple: D:4-7

Altars:
Nemelex Xobeh
Wu Jian


Innate Abilities, Weirdness & Mutations

You are too large for most types of armour.
You have tough skin. (AC +1)


Message History

You closely miss the adder. The adder barely misses you.
You barely miss the adder. The adder bites you but does no damage.
You sock the adder!
The adder is severely wounded.
The adder bites you but does no damage.
You barely miss the adder.
The adder is severely wounded.
The adder bites you but does no damage. The adder bites you.
You barely miss the adder.
The adder is severely wounded.
The adder barely misses you.
You closely miss the adder.
The adder is severely wounded.
The adder barely misses you.
You closely miss the adder.
The adder is severely wounded.
The adder bites you.
You closely miss the adder.
The adder is severely wounded.
The adder barely misses you. The adder bites you but does no damage.
You sock the adder!
You kill the adder!
Trog accepts your kill.
You are no longer berserk.
You are exhausted.
You feel yourself slow down. The ogre completely misses you.
You barely miss the ogre.
The ogre is moderately wounded.
The ogre closely misses you. The ogre misses you.
You sock the ogre!
The ogre is severely wounded.
The ogre hits you with a +0 giant club!!
* * * LOW HITPOINT WARNING * * *
You barely miss the ogre.
The ogre is severely wounded.
The ogre hits you with a +0 giant club!
* * * LOW HITPOINT WARNING * * *
The ogre hits you with a +0 giant club!
You die...

##.####.#####.(.....#
#.# #.# # ........#
#.#.#.#.# ###.###.###
##.######
#..###..###.........#
##.#
#.##.....##.#.##.....
...#
#..#.#........##..#.#
####
#.#...#.###...##.....
#.......# #..###.##.#
####.######..###.####
######@### #...)....#
#.....O..# #.....####
#$#..##..# #.....#
#.. ..# #....<# #..
..# #.....# #.# ..#
####### #. ..# .. .##
##


You could see an ogre.

Vanquished Creatures
  Sigmund (D:2)
  An ice beast (D:5)
  3 ogres
  2 scorpions
  A hound (D:4)
  An orc priest (D:5)
  A sleepcap (D:5)
  An iguana (D:5)
  An orc wizard (D:5)
  8 adders
  2 worms
  9 orcs
  11 ball pythons
  6 bats
  12 endoplasms
  5 giant cockroaches
  11 hobgoblins
  3 jackals
  12 kobolds
  3 quokkas
  6 frilled lizards
  4 goblins (D:1)
  11 rats
115 creatures vanquished.

Notes
Turn   | Place    | Note
-------+----------+-------------------------------------------
     0 | D:1      | MrIGI the Ogre Berserker began the quest for the Orb.
     0 | D:1      | Reached XP level 1. HP: 24/24 MP: 1/1
    20 | D:1      | Reached XP level 2. HP: 32/32 MP: 2/2
   342 | D:1      | Reached XP level 3. HP: 39/40 MP: 3/3
   374 | D:1      | Reached ** piety under Trog
   414 | D:1      | You fall into a shaft and drop 1 floor!
  1006 | D:2      | Reached XP level 4. HP: 28/49 MP: 4/4
  1176 | D:2      | Reached skill level 5 in Fighting
  1312 | D:2      | Reached XP level 5. HP: 57/57 MP: 5/5
  1421 | D:2      | Noticed Sigmund
  1616 | D:3      | Found a faded altar of an unknown god.
  1727 | D:3      | Reached *** piety under Trog
  2059 | D:3      | Found a sparkling altar of Nemelex Xobeh.
  2151 | D:3      | Found an ornate altar of the Wu Jian Council.
  2350 | D:4      | Reached skill level 5 in Axes
  2376 | D:4      | Reached XP level 6. HP: 37/67 MP: 6/6
  3009 | D:2      | Reached skill level 1 in Throwing
  3022 | D:2      | Killed Sigmund
  3023 | D:2      | Reached XP level 7. HP: 60/74 MP: 7/7
  3235 | D:5      | Entered Level 5 of the Dungeon
  3443 | D:5      | Reached skill level 1 in Polearms
  3554 | D:5      | Reached XP level 8. HP: 84/84 MP: 8/8
  3888 | D:5      | Mangled by an ogre

Illustrated notes

Levels and vault maps discovered:
D:1:      dpeg_arrival_ratfight, layout_loops_ring
D:2:      layout_rooms, interstate_on_off, minivault_26, grunt_decor_junction,
          columned_hall_lemuel, chequers_avenue, minmay_joined_circles,
          uniq_sigmund
D:3:      minmay_spotlight, layout_loops_ring, nemelex_spade_bored_becter,
          old_standard_altar, shapermc_ecumenical_altar_mp_urbaneastern
D:4:      layout_rooms, patterned_corridor
D:5:      layout_loops_cross, nicolae_shop_dragon_depot

Skill      XL: |  1  2  3  4  5  6  7 |
---------------+----------------------+-----
Dodging        | 3 4 |  4.1
Axes           | 4 5 6 |  6.2
Fighting       | 5 6 |  6.8
Throwing       | 1 3 |  3.4
Polearms       | 1 |  1.9
Maces & Flails | |  0.9
Stealth        | |  0.3

Action                     |  1- 3 |  4- 6 |  7- 9 || total
---------------------------+-------+-------+-------++-------
  Melee: Hand axe          |    96 |       |       ||    96
         War axe           |    35 |   138 |       ||   173
         Halberd           |       |       |    33 ||    33
         Giant club        |       |       |    29 ||    29
  Throw: Throwing net      |       |     1 |       ||     1
 Invoke: Berserk           |     2 |     4 |     2 ||     8
   Stab: Sleeping          |       |     1 |       ||     1
         Held in net/web   |       |     1 |       ||     1
 Armour: Animal skin       |    45 |    35 |    12 ||    92
  Dodge: Dodged            |    72 |    97 |    39 ||   208
